 Dungeon Crawl Stone Soup version 0.18-a0-1788-g92de1ac (webtiles) character file.

549559 penismuncher the Executioner (level 26, -2/199 HPs)
             Began as a Formicid Wanderer on Apr 19, 2016.
             Was the Champion of Makhleb.
             Slain by an Ice Fiend (25 damage)
             ... summoned by a lich
             ... on level 5 of the Vaults on Apr 20, 2016.
             The game lasted 02:18:00 (63459 turns).

penismuncher the Executioner (Formicid Wanderer)   Turns: 63459, Time: 02:18:01

Health: -2/199     AC: 24    Str: 31 (32) XL:     26   Next: 94%
Magic:  36/36      EV: 26    Int: 16      God:    Makhleb [******]
Gold:   1845       SH: 25    Dex: 23 (24) Spells: 3 memorised, 29 levels left

rFire  + . .     SeeInvis +     I - +6 battleaxe of Fortitude {drain, Fragile rPois rF- Str+6}
rCold  + . .     Gourm    .     u - +3 ring mail of Honour {rC+ Dex+5}
rNeg   . . .     Faith    .     e - +2 large shield {AC+3}
rPois  +         Spirit   .     (helmet unavailable)
rElec  +         Dismiss  .     A - +2 cloak {rPois}
rCorr  .         Reflect  .     a - +1 pair of gloves of Resilience {Regen+ Str+9 Int-2}
SustAt .         Harm     .     l - +2 pair of boots of the Assassin {DetectMon Stab+ Stlth++}
MR     ++...                    N - amulet of Vitality {Regen+ HP+15}
Stlth  ++++++++..               Z - ring of the Commoners {rElec rF++ rC- EV+3 Str-2 Dex+3}
                                C - ring of protection from cold

@: lethally poisoned (-2 -> -2), marked, drained, very resistant to hostile
enchantments, extraordinarily stealthy
A: permanent stasis, dig shafts and tunnels, four strong arms, antennae 3, claws
1, iridescent scales 1, deformed body, deterioration 1, strong 1, subdued magic
1
a: Dig, Shaft Self, Minor Destruction, Lesser Servant of Makhleb, Major
Destruction, Greater Servant of Makhleb, Renounce Religion
}: 4/15 runes: serpentine, barnacled, silver, abyssal


You were on level 5 of the Vaults.
You worshipped Makhleb.
Makhleb was exalted by your worship.
You were not hungry.

You visited 7 branches of the dungeon, and saw 41 of its levels.
You visited the Abyss 2 times.
You also visited: Labyrinth, Volcano and Wizlab.

You collected 5707 gold pieces.
You spent 3862 gold pieces at shops.

Inventory:

Hand Weapons
 I - the +6 battleaxe of Fortitude (weapon) {drain, Fragile rPois rF- Str+6}
   (You bought it in a shop on level 2 of the Orcish Mines)

   A truly terrible weapon, it drains the life of those it strikes.
   It affects your strength (+6).
   It makes you vulnerable to fire.
   It protects you from poison.
   It will be destroyed if unequipped.
 T - the +9 battleaxe of Bogeopt {distort, +Inv rElec rC- Dex+2}
   (You found it on level 3 of the Elven Halls)

   It warps and distorts space around it.
   Unwielding it can cause banishment or high damage.
   It affects your dexterity (+2).
   It makes you vulnerable to cold.
   It insulates you from electricity.
   It lets you turn invisible.
Missiles
 z - a throwing net (quivered)
Armour
 a - the +1 pair of gloves of Resilience (worn) {Regen+ Str+9 Int-2}
   (You acquired it on level 2 of the Vaults)

   It affects your strength (+9).
   It affects your intelligence (-2).
   It increases your rate of regeneration.
 e - a +2 large shield of protection (worn)
 l - the +2 pair of boots of the Assassin (worn) {DetectMon Stab+ Stlth++}
   (You acquired it on level 3 of the Vaults)

   It makes you much more stealthy.
 r - the +3 large shield of Edeudaoch {rPois rF- rCorr SInv}
   (You acquired it on level 2 of the Vaults)

   It makes you vulnerable to fire.
   It protects you from poison.
   It lets you see invisible.
   It protects you from acid and corrosion.
 u - the +3 ring mail of Honour (worn) {rC+ Dex+5}
   (You found it on level 2 of the Lair of Beasts)

   It affects your dexterity (+5).
   It protects you from cold.
 A - a +2 cloak of poison resistance (worn)
Jewellery
 B - a +4 amulet of reflection
 C - a ring of protection from cold (left hand)
 L - a +5 ring of slaying
 N - the amulet of Vitality (around neck) {Regen+ HP+15}
   (You took it off a deep elf sorcerer on level 3 of the Elven Halls)

   [amulet of regeneration]

   It affects your health (+15).
   It increases your rate of regeneration.
 Z - the ring of the Commoners (right hand) {rElec rF++ rC- EV+3 Str-2 Dex+3}
   (You found it on level 3 of the Elven Halls)

   [ring of evasion]

   It affects your evasion (+3).
   It affects your strength (-2).
   It affects your dexterity (+3).
   It greatly protects you from fire.
   It makes you vulnerable to cold.
   It insulates you from electricity.
Wands
 m - a wand of disintegration (17/24)
 v - a wand of digging (15/24)
Scrolls
 d - 3 scrolls of magic mapping
 i - a scroll of summoning
 j - 12 scrolls of recharging
 s - 5 scrolls of fear
 t - 23 scrolls of remove curse
 y - 2 scrolls of fog
 H - 2 scrolls of holy word
 M - 3 scrolls of enchant armour
 P - a scroll of immolation
 Q - 4 scrolls of enchant weapon
 R - 9 scrolls of amnesia
 S - 5 scrolls of identify
 Y - a scroll of brand weapon
Potions
 b - 4 potions of agility
 g - a potion of cancellation
 h - 10 potions of curing
 k - 4 potions of might
 n - 10 potions of brilliance
 q - 5 potions of cure mutation
 J - 5 potions of heal wounds
 O - 3 potions of magic
Miscellaneous
 p - a phial of floods
 w - a sack of spiders
 D - an ornate deck of wonders
 E - a disc of storms
 G - a lamp of fire
Comestibles
 c - a beef jerky
 f - 16 bread rations
 o - 11 meat rations
 F - a slice of pizza


   Skills:
 - Level 10.1(9.5) Fighting
   Level 8.1(7.5) Short Blades
 - Level 24.8(24.0) Axes
 - Level 12.2(11.6) Armour
 - Level 12.3(11.7) Dodging
 - Level 16.0(15.4) Stealth
 - Level 15.7(15.0) Shields
 - Level 9.2(8.6) Spellcasting
 - Level 10.8(10.2) Hexes
 + Level 5.4(4.8) Charms
 + Level 5.2(4.7) Necromancy
 - Level 10.1(9.5) Transmutations
 + Level 6.3(5.8) Earth Magic
 - Level 14.9(14.2) Invocations


You had 29 spell levels left.
You knew the following spells:

 Your Spells              Type           Power        Failure   Level  Hunger
a - Regeneration          Chrm/Necr      ###.......   6%          3    #......
b - Statue Form           Trmt/Erth      ###......    86%         6    ######.
c - Yara's Violent Unrav  Hex/Trmt       ####......   6%          5    #####..


Dungeon Overview and Level Annotations

Branches:
Dungeon (15/15)            Temple (0/1) D:7            Lair (8/8) D:11
 Shoals (4/4) Lair:6        Snake (4/4) Lair:5        Slime (0/6) Lair:6
    Orc (2/2) D:11            Elf (3/3) Orc:2        Vaults (5/5) D:14
  Crypt (0/3) Vaults:3     Depths (0/5) D:15

Altars:
Ashenzari
Cheibriados
Dithmenos
Elyvilon
Fedhas
Kikubaaqudgha
Makhleb
Nemelex Xobeh
Pakellas
Qazlal
Ru
Sif Muna
Trog
Xom
Yredelemnul
Zin
Beogh

Shops:
D:4 =   D:13 [   D:14 =   Orc:2 [*=(%   Elf:1 ?[!((   Elf:2 ?   Shoals:3 %
Snake:1 (   Vaults:1 (   Vaults:3 %

Annotations:
Abyss:1 Gastronok; Snorg


Innate Abilities, Weirdness & Mutations

You are under a permanent stasis effect.
You can dig through walls and to a lower floor.
Your four strong arms can wield two-handed weapons with a shield.
You have a pair of large antennae on your head (SInv).
You have sharp fingernails.
You are partially covered in iridescent scales (AC +4).
Armour fits poorly on your strangely shaped body.
Your body sometimes deteriorates upon taking damage.
Your muscles are strong. (Str +2)
Your spells are a little easier to cast, but a little less powerful.


Message History

You feel sick. You block the reaper's attack. The lich casts a spell at you.
The iron shot hits you!
Your body deteriorates!
You feel weakened.
You slash the Ice Fiend!
The Ice Fiend is moderately wounded.
You feel sick. The Ice Fiend gestures at you. The bolt of cold hits you!
You resist.
You open the Ice Fiend like a pillowcase!!!
The Ice Fiend is almost dead.
You feel sick.
The lich points at you and mumbles some strange words.
The iron shot hits you!
* * * LOW HITPOINT WARNING * * *
Your body deteriorates!
You feel clumsy. The Ice Fiend claws you!!
* * * LOW HITPOINT WARNING * * *
The Ice Fiend freezes you!! You resist.
You die...

........... ........))<
.........<) .......().<
######################....
........(.................
.......)...............#..
#....))12...........#..
#+++#)@)L)).......(.#..
#...#+++#.)..e......#..
#...#.(.#...........#..
#...#...#...........#
#####...###.........#
#+++# #.........#
#.........# #.⌠{......
#........


You could see an Ice Fiend, a lich (invisible), a reaper and a deep elf archer.

Vanquished Creatures
  3 ancient liches
  Sojobo (Vaults:2)
  Vashnia (Snake:4)
  Xtahua (Vaults:2)
  A bone dragon (Vaults:3)
  5 tentacled monstrosities
  Jorgrun (Shoals:2)
  A titan (Vaults:5)
  Rupert (D:14)
  A lich (Vaults:4)
  Asterion (Vaults:2)
  A deep elf master archer (Elf:3)
  3 deep elf blademasters
  7 sphinxes
  2 krakens
  An Executioner (Abyss:2)
  An ancient champion (WizLab)
  5 tengu reavers
  2 storm dragons
  5 shadow dragons (Vaults:5)
  Ilsuiw (Shoals:4)
  7 greater nagas (Snake:4)
  5 fire giants
  12 vault wardens
  8 deep elf sorcerers
  An orc warlord (Elf:1)
  Donald (Vaults:2)
  An iron dragon (Vaults:5)
  A frost giant (Shoals:2)
  3 deep elf elementalists
  A draconian scorcher (Abyss:3)
  4 very ugly things
  7 stone giants
  21 ironheart preservers
  A war gargoyle (Vaults:1)
  10 deep elf demonologists
  6 deep elf annihilators
  9 ettins
  28 vault guards
  4 merfolk javelineers
  5 merfolk impalers
  9 deep elf death magi
  The ghost of heiberg the Blocker, a journeyman MiFi of Okawaru (Orc:2)
  3 fire dragons
  12 ogre magi
  7 yaktaur captains
  A quicksilver dragon skeleton (Abyss:3)
  2 ice dragons
  A great orb of eyes (D:15)
  The ghost of Marethyu the Impaler, a journeyman MfGl of the Shining One (D:11)
  9 naga warriors
  2 deep elf high priests
  15 anacondas
  3 hydras
  Erica (D:10)
  2 alligator snapping turtles
  2 merfolk avatars
  6 merfolk aquamancers
  7 death yaks
  6 centaur warriors
  4 satyrs
  A tengu warrior (D:14)
  3 deep troll shamans
  A hell hog (Abyss:3)
  4 deep troll earth magi
  29 dancing weapons
  17 naga sharpshooters
  Urug (D:14)
  An orc high priest (Orc:2)
  5 shock serpents
  4 thrashing horrors (Abyss:2)
  25 deep elf knights
  A fire crab (Vaults:2)
  4 wizards
  A wretched star (Abyss:2)
  10 sea snakes
  13 skeletal warriors
  2 shadow wraiths (Vaults:2)
  A flayed ghost (Vaults:2)
  6 salamander mystics
  2 giant orange brains
  12 deep trolls
  2 large abominations (Abyss:3)
  12 orc knights
  10 naga ritualists
  7 hill giants
  6 harpies
  2 necromancers (D:14)
  24 deep elf archers
  11 ironbrand convokers
  15 mana vipers
  8 griffons
  82 deep elf magi
  An oklob plant (D:11)
  5 wolf spiders
  3 orc sorcerers
  20 fauns
  19 ugly things
  A salamander (shapeshifter) (Vaults:3)
  16 manticores
  8 salamanders
  8 elephants
  3 hornets
  14 cyclopes
  A shining eye (shapeshifter) (Elf:2)
  A water nymph (shapeshifter) (Vaults:5)
  10 vault sentinels
  40 black mambas
  Maurice (D:13)
  5 sirens
  15 naga magi
  A spiny frog (shapeshifter) (Vaults:3)
  2 water nymphs (Shoals:2)
  A gargoyle (D:15)
  8 guardian serpents
  An ice statue (Snake:1)
  9 spiny frogs
  4 komodo dragons
  7 rime drakes
  31 yaktaurs
  A freezing wraith (Vaults:5)
  3 tengu conjurers
  An ancient zyme (Abyss:3)
  A hellwing (Abyss:3)
  9 trolls
  34 merfolk
  A harpy zombie (Shoals:4)
  A polar bear (shapeshifter) (Vaults:3)
  2 polar bears
  A jumping spider (Vaults:4)
  2 jumping spiders (shapeshifter)
  A troll (shapeshifter) (D:15)
  23 two-headed ogres
  A wind drake (shapeshifter) (Vaults:2)
  A slime creature (shapeshifter) (Elf:3)
  A blink frog (shapeshifter) (D:15)
  11 blink frogs
  7 boulder beetles
  18 slime creatures
  13 snapping turtles
  A griffon zombie (Shoals:4)
  A frost giant simulacrum (Vaults:3)
  16 water elementals
  4 wyverns
  5 vampires
  A redback (shapeshifter) (Vaults:5)
  A shadow (D:15)
  2 wraiths (Vaults:1)
  2 ynoxinuls (Abyss:3)
  5 redbacks (Vaults:4)
  A wyvern (shapeshifter) (Vaults:1)
  3 air elementals
  A fire elemental (Elf:3)
  2 spriggans (shapeshifter)
  3 hill giant zombies (WizLab)
  19 humans (D:14)
  2 small abominations
  A yak (shapeshifter) (Vaults:2)
  55 yaks
  2 basilisks
  A neqoxec (Abyss:2)
  5 hungry ghosts
  A steam dragon (D:7)
  8 hippogriffs
  A golden eye (shapeshifter) (D:12)
  2 wargs
  2 mottled dragons
  15 vampire mosquitoes
  69 nagas
  10 porcupines
  11 water moccasins
  A water moccasin (shapeshifter) (Vaults:5)
  3 sky beasts
  37 orc warriors
  2 eyes of draining (D:15)
  2 necrophages
  A boggart (Elf:1)
  2 phantoms (D:6)
  An ice beast (shapeshifter) (Vaults:5)
  A wasp (D:12)
  11 ice beasts
  44 ogres
  17 centaurs
  6 wolves (Lair:5)
  12 crocodiles
  3 big kobolds
  Blork the orc (Orc:2)
  2 earth elementals
  25 giant frogs
  A human simulacrum (Vaults:1)
  3 scorpions
  2 hippogriff zombies (Shoals:4)
  7 troll zombies (WizLab)
  12 wights
  23 killer bees
  3 electric eels
  8 howler monkeys
  4 crimson imps
  7 centaur zombies
  2 giant frog zombies
  3 lava snakes (Volcano)
  17 starcursed masses
  3 quasits
  21 orc priests
  3 jellies
  6 centaur skeletons
  10 hounds
  33 orc wizards
  3 giant frog skeletons
  An iron imp (Abyss:2)
  Ijyb (D:2)
  12 worker ants
  11 iguanas
  A killer bee zombie (D:8)
  36 sheep
  3 ogre zombies (WizLab)
  2 hound zombies
  A howler monkey zombie (D:11)
  A worker ant zombie (D:11)
  9 gnolls
  4 adders
  53 river rats
  4 shadow imps
  2 oozes (D:4)
  2 worms (D:2)
  2 dart slugs
  4 giant geckos
  80 orcs
  4 giant cockroaches
  10 hobgoblins
  8 jackals
  A quokka (D:5)
  9 bats
  A giant gecko zombie (D:8)
  4 giant newts
  10 goblins
  25 kobolds
  6 rats
  14 plants
  5 tentacles
1883 creatures vanquished.

Vanquished Creatures (collateral kills)
  Saint Roka (Orc:2)
  The ghost of worldfamousw the Brawler, a journeyman TrHu of Jiyva (Orc:2)
  A siren (Shoals:4)
  3 blink frogs (Lair:1)
  An orc (Orc:2)
7 creatures vanquished.

Vanquished Creatures (others)
  A deep elf master archer (Elf:3)
  The ghost of tedric the Bludgeoner, a journeyman OgAM of the Shining One (Lair:7)
  A deep elf sorcerer (Elf:1)
  An ironheart preserver (Vaults:1)
  A deep elf demonologist (Elf:3)
  A mottled draconian (Volcano)
  A merfolk javelineer (Shoals:3)
  A minotaur (Lab)
  A fire dragon (Lair:2)
  A yaktaur captain (Vaults:1)
  A centaur warrior (Vaults:2)
  5 hydras
  2 catoblepae (Lair:8)
  13 death yaks
  A deep elf knight (Vaults:4)
  A deep troll (Vaults:2)
  A wizard (D:14)
  A hill giant (D:11)
  A naga ritualist (Snake:1)
  8 deep elf archers
  A griffon (Lair:8)
  9 fauns
  6 cyclopes
  4 elephants
  3 black mambas
  A molten gargoyle (Volcano)
  The ghost of aTarkinC the Digger, a novice GrEE of Vehumet (D:6)
  A centaur skeleton (D:10)
  2 rime drakes
  4 spiny frogs
  A yaktaur (Vaults:1)
  A minotaur zombie (Lab)
  2 merfolk (Shoals:4)
  3 slime creatures
  A spriggan (D:7)
  23 yaks
  A hungry ghost (Lab)
  2 hippogriffs
  A naga (Lair:5)
  3 orc warriors
  3 porcupines
  An ice beast (D:8)
  A phantom (D:7)
  7 centaurs
  An ogre (D:7)
  3 wolves (Lair:5)
  6 crocodiles
  A giant frog (D:7)
  A big kobold (D:8)
  5 killer bees
  2 wights (D:11)
  An electric eel (D:11)
  2 crimson imps
  2 hounds
  An orc priest (D:11)
  A jelly (Lair:6)
  2 orc wizards
  An iguana (Lair:2)
  5 worker ants
  5 sheep
  An adder (D:4)
  A gnoll (D:5)
  6 river rats
  A shadow imp (D:5)
  7 orcs
  3 hobgoblins
  A goblin (D:1)
  A kobold (D:12)
  3 bushes (Lair:8)
  117 fungi
  114 plants
  3 tentacles (Shoals:4)
  18 tentacle segments
441 creatures vanquished.

Grand Total: 2331 creatures vanquished

Notes
Turn   | Place    | Note
--------------------------------------------------------------
     0 | D:1      | penismuncher the Formicid Wanderer began the quest for the Orb.
     0 | D:1      | penismuncher set off with: a +2 hand axe, a +0 ring mail, a potion of lignification, a +0 dagger, a bread ration
     0 | D:1      | Reached XP level 1. HP: 15/15 MP: 1/1
   151 | D:1      | Reached XP level 2. HP: 13/21 MP: 0/2
   152 | D:1      | Reached skill level 2 in Axes
   634 | D:2      | Reached XP level 3. HP: 19/26 MP: 3/3
   736 | D:2      | Noticed Ijyb
   743 | D:2      | Reached skill level 3 in Axes
   751 | D:2      | Killed Ijyb
   751 | D:2      | Reached XP level 4. HP: 8/32 MP: 4/4
  1058 | D:2      | Found an oddly glowing altar of Pakellas.
  1211 | D:2      | Found a shimmering altar of Xom.
  1211 | D:2      | Noticed an angel
  1214 | D:2      | Found a glowing silver altar of Zin.
  1331 | D:2      | Reached skill level 4 in Axes
  1557 | D:3      | Reached skill level 1 in Shields
  1627 | D:3      | Noticed a giant frog
  1638 | D:3      | Killed a giant frog
  1638 | D:3      | Reached XP level 5. HP: 19/37 MP: 5/5
  1754 | D:3      | Reached XP level 6. HP: 19/43 MP: 6/6
  2079 | D:3      | Reached skill level 5 in Shields
  2459 | D:4      | Found a sparkling altar of Nemelex Xobeh.
  2533 | D:4      | Noticed an ogre
  2546 | D:4      | Reached XP level 7. HP: 24/48 MP: 7/7
  2938 | D:4      | Got a faintly humming chain mail
  4116 | D:4      | Found Buth's Jewellery Shop.
  4126 | D:4      | Reached XP level 8. HP: 54/54 MP: 8/8
  4283 | D:5      | Entered Level 5 of the Dungeon
  4509 | D:5      | Identified the cursed +1 chain mail of Exclusion {rF+} (You found it on level 4 of the Dungeon)
  4737 | D:5      | Found a sacrificial altar of Ru.
  5345 | D:5      | Found a blossoming altar of Fedhas.
  5401 | D:6      | Noticed aTarkinC's ghost (novice GrEE)
  5406 | D:6      | Banished aTarkinC's ghost
  5507 | D:6      | Reached skill level 10 in Shields
  5858 | D:6      | Found a snail-covered altar of Cheibriados.
  5965 | D:6      | Reached skill level 1 in Short Blades
  5965 | D:6      | Reached XP level 9. HP: 57/59 MP: 9/9
  6293 | D:6      | Found a burning altar of Makhleb.
  6293 | D:6      | Found a basalt altar of Yredelemnul.
  6304 | D:6      | Found a shadowy altar of Dithmenos.
  6304 | D:6      | Found a white marble altar of Elyvilon.
  6384 | D:6      | Became a worshipper of Makhleb the Destroyer
  7254 | D:7      | Gained mutation: You have sharp fingernails. [potion of beneficial mutation]
  7293 | D:7      | Found a staircase to the Ecumenical Temple.
  7692 | D:8      | Reached XP level 10. HP: 26/68 MP: 10/10
  7709 | D:8      | Reached * piety under Makhleb
  8128 | D:8      | Found a shattered altar of Ashenzari.
  8715 | D:8      | Reached ** piety under Makhleb
  9794 | D:9      | Reached skill level 5 in Short Blades
  9901 | D:9      | Noticed a hill giant
  9901 | D:9      | Noticed a hill giant
 10320 | D:9      | Found a bloodstained altar of Trog.
 10613 | D:8      | Reached XP level 11. HP: 30/78 MP: 11/11
 10947 | D:9      | Killed a hill giant
 11197 | D:10     | Entered Level 10 of the Dungeon
 11263 | D:10     | Noticed a cyclops
 11271 | D:10     | Reached skill level 5 in Fighting
 11303 | D:10     | Reached skill level 10 in Armour
 11305 | D:10     | Killed a cyclops
 11550 | D:10     | Reached *** piety under Makhleb
 12500 | D:11     | Noticed Marethyu's ghost (journeyman MfGl)
 12551 | D:11     | Noticed Erica
 13236 | D:10     | Killed Erica
 13763 | D:11     | You fall through a shaft!
 14542 | D:12     | Noticed a hill giant
 14571 | D:11     | Found a staircase to the Lair.
 14571 | D:11     | Noticed an oklob plant
 14617 | D:11     | Banished a hill giant
 14617 | D:11     | Reached XP level 12. HP: 32/88 MP: 12/12
 15510 | D:11     | Killed Marethyu's ghost
 15745 | D:11     | Reached **** piety under Makhleb
 16737 | D:11     | Found a staircase to the Orcish Mines.
 16869 | Orc:1    | Entered Level 1 of the Orcish Mines
 17278 | Orc:1    | Found a burning altar of Makhleb.
 17440 | Orc:2    | Entered Level 2 of the Orcish Mines
 17440 | Orc:2    | Found a staircase to the Elven Halls.
 17450 | Orc:2    | Reached skill level 15 in Shields
 17459 | Orc:2    | Reached ***** piety under Makhleb
 17504 | Orc:2    | Found Sired's Food Boutique.
 17528 | Orc:2    | Noticed worldfamousw's ghost (journeyman TrHu)
 17898 | Lair:1   | Entered Level 1 of the Lair of Beasts
 17917 | Lair:1   | Noticed a four-headed hydra
 18480 | Lair:1   | Banished a four-headed hydra
 18741 | Lair:1   | Noticed Gastronok
 18759 | Lair:1   | Gained mutation: Your muscles are strong. (Str +2) [potion of beneficial mutation]
 19264 | Lair:1   | Banished Gastronok
 19607 | Lair:1   | Reached XP level 13. HP: 98/98 MP: 13/13
 19806 | Lair:2   | Noticed a fire dragon
 19893 | Lair:2   | Got a heavily runed ring mail
 20006 | Lair:2   | Banished a fire dragon
 20351 | Lair:2   | Identified the +3 ring mail of Honour {rC+ Dex+5} (You found it on level 2 of the Lair of Beasts)
 20374 | Lair:2   | Reached skill level 1 in Dodging
 20504 | Lair:2   | Reached skill level 5 in Axes
 20947 | Lair:2   | Reached skill level 1 in Invocations
 21090 | Lair:2   | Noticed a five-headed hydra
 21108 | Lair:2   | Banished a five-headed hydra
 22517 | Lair:3   | Noticed a seven-headed hydra
 23667 | Lair:4   | Noticed Snorg
 23669 | Lair:4   | Found a stormy altar of Qazlal.
 24336 | Lair:4   | Banished Snorg
 24336 | Lair:4   | Reached skill level 5 in Dodging
 24721 | Lair:5   | Found a staircase to the Snake Pit.
 25384 | Lair:5   | Noticed a four-headed hydra
 25924 | Lair:6   | Found a labyrinth entrance.
 25951 | Lab      | Entered a labyrinth
 26029 | Lab      | Found an exit through the horrors of the Abyss.
 26314 | Lab      | Noticed a minotaur
 26328 | Lab      | Banished a minotaur
 26390 | Lab      | Identified the Compendium of the Frostbite
 26472 | Lair:6   | Reached XP level 14. HP: 91/109 MP: 16/16
 26522 | Lair:6   | Reached skill level 6 in Axes
 27380 | Lair:6   | Found a staircase to the Slime Pits.
 27457 | Lair:6   | Found a staircase to the Shoals.
 27487 | Lair:6   | Reached skill level 10 in Fighting
 29316 | Lair:6   | Reached skill level 5 in Invocations
 29967 | Lair:7   | Noticed tedric's ghost (journeyman OgAM)
 30006 | Lair:7   | Banished tedric's ghost
 30417 | Lair:8   | Entered Level 8 of the Lair of Beasts
 30481 | Lair:8   | Got a brightly glowing scale mail
 30492 | Lair:8   | Identified the +2 scale mail of Incorporation {rElec MP-9 Str+4 Stlth+} (You found it on level 8 of the Lair of Beasts)
 30505 | Lair:8   | Found a dark tunnel.
 30526 | Volcano  | Entered a volcano
 31143 | Volcano  | Found a radiant altar of Vehumet.
 31143 | Volcano  | Noticed a mottled draconian
 31164 | Volcano  | Banished a mottled draconian
 31164 | Volcano  | Reached skill level 7 in Axes
 31609 | Lair:8   | Reached skill level 10 in Dodging
 32647 | Lair:8   | Reached XP level 15. HP: 59/115 MP: 19/19
 32805 | Lair:8   | HP: 5/115 [eight-headed hydra (3)]
 33377 | Lair:8   | Found an ancient bone altar of Kikubaaqudgha.
 34630 | Lair:8   | Reached skill level 8 in Axes
 34652 | Lair:8   | Gained mutation: You are partially covered in iridescent scales (AC +4). [mutagenic glow]
 34697 | Lair:8   | Gained mutation: Your spells are a little easier to cast, but a little less powerful. [mutagenic glow]
 35873 | D:12     | Reached skill level 9 in Axes
 36130 | D:12     | Reached ****** piety under Makhleb
 36434 | D:13     | Found Xaenwiniesh's Armour Shoppe.
 36512 | D:13     | Noticed Maurice
 36523 | D:13     | Killed Maurice
 36691 | D:13     | Reached skill level 10 in Axes
 37309 | D:14     | Reached XP level 16. HP: 122/122 MP: 21/21
 37373 | D:14     | Noticed Rupert
 37765 | D:14     | Reached skill level 11 in Axes
 38363 | Orc:1    | You fall through a shaft!
 39182 | Orc:2    | Noticed heiberg's ghost (journeyman MiFi)
 39244 | Orc:2    | Killed heiberg's ghost
 39309 | Orc:2    | Noticed Saint Roka
 39678 | Orc:2    | Reached skill level 12 in Axes
 39894 | Orc:2    | Noticed Blork the orc
 39925 | Orc:2    | Killed Blork the orc
 40094 | Orc:2    | Killed Saint Roka
 40142 | Orc:2    | Killed worldfamousw's ghost
 40551 | Orc:2    | Found a roughly hewn altar of Beogh.
 40832 | Orc:2    | Found Poaqatoh's Antique Armour Shoppe.
 40863 | Orc:2    | Bought a pair of embroidered boots for 135 gold pieces
 41220 | Orc:2    | Found Dudetzy's Jewellery Shoppe.
 41268 | Orc:2    | Found Janwoum's Antique Weapon Shoppe.
 41276 | Orc:2    | Bought a transparent battleaxe for 391 gold pieces
 41285 | Orc:2    | Found Daraup's General Store.
 41310 | Orc:2    | Identified a +2 rod of inaccuracy (9/9) (You found it in a labyrinth)
 41311 | Orc:2    | Identified the +6 battleaxe of Fortitude {drain, Fragile rPois rF- Str+6} (You bought it in a shop on level 2 of the Orcish Mines)
 41648 | Orc:2    | Bought a +5 ring of slaying for 1478 gold pieces
 41882 | D:14     | Reached skill level 13 in Axes
 41917 | D:14     | Found a gate to the Vaults.
 42235 | D:14     | Killed Rupert
 42286 | D:14     | Found Lomu Qynt's Jewellery Shop.
 42290 | D:14     | Noticed Urug
 42297 | D:14     | Killed Urug
 42615 | D:14     | Found a deep blue altar of Sif Muna.
 42646 | D:15     | Entered Level 15 of the Dungeon
 42704 | D:15     | Reached skill level 14 in Axes
 42707 | D:15     | Found a shimmering altar of Xom.
 42840 | D:15     | Found a shimmering altar of Xom.
 42840 | D:15     | Found a shimmering altar of Xom.
 42840 | D:15     | Found a shimmering altar of Xom.
 42841 | D:15     | Found a shimmering altar of Xom.
 42841 | D:15     | Found a shimmering altar of Xom.
 42841 | D:15     | Found a shimmering altar of Xom.
 42841 | D:15     | Found a shimmering altar of Xom.
 42841 | D:15     | Found a shimmering altar of Xom.
 42843 | D:15     | Found a shimmering altar of Xom.
 42844 | D:15     | Found a shimmering altar of Xom.
 42845 | D:15     | Found a shimmering altar of Xom.
 43007 | D:15     | Reached XP level 17. HP: 128/128 MP: 22/22
 43077 | D:15     | Found a staircase to the Depths.
 43284 | D:15     | Learned a level 3 spell: Regeneration
 43688 | Snake:1  | Entered Level 1 of the Snake Pit
 43821 | Snake:1  | Found Syarrot's Weapon Shoppe.
 43935 | Snake:1  | Reached skill level 15 in Axes
 45061 | Snake:2  | Reached skill level 16 in Axes
 46491 | Snake:4  | Entered Level 4 of the Snake Pit
 46502 | Snake:4  | Reached XP level 18. HP: 105/134 MP: 24/24
 46518 | Snake:4  | Reached skill level 17 in Axes
 46751 | Snake:4  | Learned a level 6 spell: Statue Form
 47266 | Snake:4  | Reached skill level 18 in Axes
 47271 | Snake:4  | Noticed Vashnia
 47280 | Snake:4  | Killed Vashnia
 47405 | Snake:4  | Reached skill level 10 in Invocations
 47492 | Snake:4  | HP: 2/134 [naga warrior/short sword (8)]
 47778 | Snake:4  | Reached skill level 19 in Axes
 47778 | Snake:4  | Reached XP level 19. HP: 140/140 MP: 26/26
 48157 | Snake:4  | Got a serpentine rune of Zot
 48459 | Vaults:1 | Entered Level 1 of the Vaults
 48730 | Vaults:1 | Reached skill level 20 in Axes
 49137 | Vaults:1 | You fall through a shaft!
 49139 | Vaults:2 | Identified 2 scrolls of acquirement
 49143 | Vaults:2 | Gained mutation: You are agile. (Dex +2) [potion of beneficial mutation]
 49145 | Vaults:2 | Got a pair of ichor-stained gloves
 49156 | Vaults:2 | Identified the +1 pair of gloves of Resilience {Regen+ Str+9 Int-2} (You acquired it on level 2 of the Vaults)
 49157 | Vaults:2 | Got a transparent large shield
 49168 | Vaults:2 | Identified the +3 large shield of Edeudaoch {rPois rF- rCorr SInv} (You acquired it on level 2 of the Vaults)
 49311 | Vaults:2 | Noticed Asterion
 49319 | Vaults:2 | Killed Asterion
 49328 | Vaults:2 | Noticed Donald
 49329 | Vaults:2 | Noticed Xtahua
 49340 | Vaults:2 | Killed Xtahua
 49347 | Vaults:2 | Killed Donald
 49450 | Vaults:2 | Found a magical portal.
 49464 | Vaults:2 | Reached XP level 20. HP: 147/147 MP: 28/28
 49474 | WizLab   | Entered Zonguldrok's Shrine
 49710 | WizLab   | Noticed an antique lich
 49718 | WizLab   | Killed an antique lich
 49718 | WizLab   | Reached skill level 21 in Axes
 50565 | Vaults:2 | Noticed Sojobo
 50581 | Vaults:2 | Killed Sojobo
 50585 | Vaults:2 | Reached skill level 22 in Axes
 50891 | Vaults:1 | Found Bizeoc's Weapon Shoppe.
 50900 | Vaults:1 | Reached XP level 21. HP: 153/153 MP: 30/30
 51057 | Vaults:1 | You fall through a shaft!
 51241 | Vaults:1 | Cast into level 2 of the Abyss (a deep elf demonologist)
 51241 | Abyss:2  | Found a corrupted altar of Lugonu.
 51550 | Abyss:3  | Reached skill level 23 in Axes
 51590 | Abyss:3  | Got an abyssal rune of Zot
 51648 | Vaults:1 | Escaped the Abyss
 52383 | Vaults:3 | Found Tosaz's Food Shoppe.
 52505 | Vaults:3 | Found a staircase to the Crypt.
 52506 | Vaults:3 | Noticed a bone dragon
 52520 | Vaults:3 | Killed a bone dragon
 52595 | Vaults:3 | Reached XP level 22. HP: 159/159 MP: 32/32
 53350 | Vaults:3 | Reached skill level 24 in Axes
 54051 | D:14     | Bought an uncursed ring of protection from fire for 325 gold pieces
 54408 | Vaults:4 | Found a white marble altar of Elyvilon.
 55281 | Vaults:3 | Learned a level 5 spell: Yara's Violent Unravelling
 55680 | Shoals:1 | Entered Level 1 of the Shoals
 55753 | Shoals:1 | Reached skill level 1 in Hexes
 55760 | Shoals:1 | Reached skill level 1 in Transmutations
 55764 | Shoals:1 | Reached skill level 1 in Spellcasting
 55809 | Shoals:1 | Found a snail-covered altar of Cheibriados.
 56079 | Shoals:1 | Found a bloodstained altar of Trog.
 56175 | Shoals:1 | Reached XP level 23. HP: 165/165 MP: 34/34
 56568 | Shoals:2 | Noticed Jorgrun
 56578 | Shoals:2 | Killed Jorgrun
 57116 | Shoals:2 | Reached skill level 5 in Hexes
 57315 | Shoals:3 | Reached skill level 5 in Transmutations
 57503 | Shoals:3 | Found Nustyewn's Food Emporium.
 57810 | Shoals:4 | Entered Level 4 of the Shoals
 57833 | Shoals:4 | Reached skill level 5 in Spellcasting
 57857 | Shoals:4 | Got a translucent glass ring
 57866 | Shoals:4 | Identified the ring of Voigeh Viec {-Tele rF++ MP+9 Str+3 Int+2} (You found it on level 4 of the Shoals)
 57942 | Shoals:4 | Noticed Ilsuiw
 57990 | Shoals:4 | Killed Ilsuiw
 58016 | Shoals:4 | Got a barnacled rune of Zot
 58902 | Elf:1    | Entered Level 1 of the Elven Halls
 58972 | Elf:1    | Found Dufan's Weapon Shoppe.
 59013 | Elf:1    | Found Binu's Distillery.
 59016 | Elf:1    | Bought a potion of curing for 45 gold pieces
 59016 | Elf:1    | Bought 3 potions of heal wounds for 225 gold pieces
 59016 | Elf:1    | Bought a potion of curing for 45 gold pieces
 59016 | Elf:1    | Bought a potion of agility for 60 gold pieces
 59016 | Elf:1    | Bought a potion of might for 60 gold pieces
 59034 | Elf:1    | Got a thick robe
 59111 | Elf:1    | Found Jezusk's Magic Scroll Shop.
 59119 | Elf:1    | Bought a scroll of identify for 36 gold pieces
 59119 | Elf:1    | Bought a scroll of identify for 36 gold pieces
 59212 | Elf:1    | Found Huelud's Antique Armour Shoppe.
 59322 | Elf:1    | Found Birull's Weapon Boutique.
 59380 | Elf:1    | Reached XP level 24. HP: 172/172 MP: 34/34
 59638 | Elf:2    | Gained mutation: Armour fits poorly on your strangely shaped body. [a shining eye]
 59640 | Elf:2    | Lost mutation: You are agile. (Dex +2) [a shining eye]
 59688 | Elf:2    | Found Hoegek's Magic Scroll Shoppe.
 59696 | Elf:2    | Bought a scroll of acquirement for 988 gold pieces
 59696 | Elf:2    | Bought a scroll of identify for 38 gold pieces
 60104 | Elf:2    | Reached skill level 10 in Hexes
 60123 | Elf:2    | Found a runed gate.
 60123 | Elf:2    | Found a runed gate.
 60125 | Elf:2    | Found a runed gate.
 60147 | Elf:2    | Cast into level 2 of the Abyss (battleaxe of distortion)
 60308 | Abyss:2  | Gained mutation: Your body sometimes deteriorates upon taking damage. [a neqoxec]
 60322 | Elf:2    | Escaped the Abyss
 60592 | Elf:2    | Reached skill level 10 in Transmutations
 60675 | Elf:3    | Entered Level 3 of the Elven Halls
 60799 | Elf:3    | Reached skill level 1 in Earth Magic
 60803 | Elf:3    | Reached skill level 1 in Charms
 60803 | Elf:3    | Reached skill level 1 in Necromancy
 60901 | Elf:2    | Reached skill level 5 in Stealth
 61749 | Elf:3    | Got an ichor-stained battleaxe
 61753 | Elf:3    | Got a crude plate armour
 61764 | Elf:3    | Identified the +8 plate armour "Coullain" {+Inv MR- Slay+2} (You found it on level 3 of the Elven Halls)
 61841 | Elf:3    | Got an iridescent glaive
 61938 | Elf:3    | Got a slimy tin ring
 61952 | Elf:3    | Identified the +9 battleaxe of Bogeopt {distort, +Inv rElec rC- Dex+2} (You found it on level 3 of the Elven Halls)
 61953 | Elf:3    | Identified the ring of the Commoners {rElec rF++ rC- EV+3 Str-2 Dex+3} (You found it on level 3 of the Elven Halls)
 61961 | Elf:3    | Got a steaming blowgun
 62242 | Elf:3    | Reached skill level 10 in Stealth
 62245 | Elf:3    | Got a polished shortbow
 62524 | Elf:3    | Reached XP level 25. HP: 177/177 MP: 36/36
 63030 | Vaults:5 | Entered Level 5 of the Vaults
 63306 | Vaults:5 | Noticed an ancient lich
 63319 | Vaults:5 | Killed an ancient lich
 63330 | Vaults:5 | Reached skill level 15 in Stealth
 63337 | Vaults:5 | Noticed an ancient lich
 63356 | Vaults:5 | Reached XP level 26. HP: 145/184 MP: 36/36
 63364 | Vaults:5 | Killed an ancient lich
 63395 | Vaults:5 | Got a silver rune of Zot
 63413 | Vaults:5 | Reached skill level 5 in Earth Magic
 63439 | Vaults:5 | Reached skill level 5 in Charms
 63446 | Vaults:5 | Reached skill level 5 in Necromancy
 63459 | Vaults:5 | Slain by an Ice Fiend

Vault maps used:
D:1:      minmay_arrival_cross
D:2:      kennysheep_big_flooded_room, grunt_temple_overflow_order_and_chaos_1,
          grunt_pakellas_basics, uniq_iyjb
D:3:      first_bread, minmay_misc_feat_five
D:4:      kennysheep_mini_moat, kennysheep_small_square
D:5:      marbit_many_paths, lemuel_doored_altar
D:6:      overflow_temple_1_default, grunt_temple_overflow_cloverleaf
D:7:      minmay_temple_entry_glassed_door, the_bakery
D:8:      cheibrodos_ashenzari_chains
D:9:      minmay_curly_fans, kennysheep_little_box
D:10:     basic_loot_grate_trap
D:11:     dpeg_oklobed_lair, erik_orc_2, roderic_ancient_swastika, uniq_erica
D:13:     serial_shops, nicolae_shop_statue_plus, uniq_maurice
D:14:     grunt_vaults_entry_tiered, hangedman_abyss_or_decor_passed,
          serial_shops, shop_coins, tgw_sif, uniq_urug, uniq_rupert
D:15:     hangedman_depths_entry_try_elsewhere_first, basic_altar,
          roderic_whirl, hangedman_glass_teeth, xom_shifter_show
Lair:1:   serial_bayou_shore_b, uniq_gastronok
Lair:2:   dragon1_lemuel
Lair:3:   lemuel_fruit_tree, infiniplex_staircase_pool, serial_bayou_shore_a
Lair:4:   basic_altar, pond, uniq_snorg
Lair:5:   guppyfry_snake_entry_garden
Lair:6:   elwin_shoals_entry_rooms, minmay_slime_entry_pillars,
          lab_entry_generic
Lair:7:   grunt_megastairs_5
Lair:8:   evilmike_catoblepas_cave, basic_altar, enter_volcano_4
Shoals:1: hangedman_feature_mirror, nicolae_shoals_so_close
Shoals:2: st_cyclops, uniq_jorgrun
Shoals:3: serial_shops, nicolae_shop_scaring_up_business
Shoals:4: shoals_end_grunt_garden, shoal_ilsuiw, nicolae_shoals_undead_eyrie
Snake:1:  serial_shops, shop, grunt_ministairs_8, dpeg_stationary_puzzle
Snake:3:  grunt_megastairs_1
Snake:4:  johnstein_snake_rune_scales, st_stairs_7
Orc:1:    portal_ice_cave_entry_ice_beasts, basic_altar, uniq_maud
Orc:2:    grunt_orc_cross, serial_shops, shop
Elf:1:    elf_arrival_002, special_room, serial_shops, shop, shop, shop,
          nicolae_shop_statue_plus, nicolae_shop_behind_doors,
          hangedman_elf_disciples, grunt_megastairs_4
Elf:2:    serial_shops, shop
Elf:3:    grunt_elf_hall_branching, lemuel_flamethrower_3,
          basic_stair_grate_trap
Vaults:1: dpeg_vaults_monster_box, v_misc_11, v_rooms_6, v_pattern_1,
          ontoclasm_vaults_decontamination, vaults_mumra_minichess,
          ontoclasm_vaults_ligature, ontoclasm_vaults_shuriken
Vaults:2: hangedman_vaults_nodes, v_misc_24, vaults_dpeg_diagonal, v_rooms_6,
          vaults_room_hallway, vaults_mumra_minichess_inversion, v_misc_5,
          v_misc_31, vaults_mumra_hexcomb, vaults_mumra_lcd, st_lines,
          nicolae_vaults_little_squares_5, lightli_enter_wizlab_magi_temple,
          uniq_asterion, uniq_donald, uniq_xtahua, uniq_sojobo
Vaults:3: nicolae_vaults_asterisk, nicolae_vaults_theta,
          grunt_vaults_hallway_short, dpeg_vaults_waves,
          ontoclasm_vaults_bender, vaults_dpeg_encased_lava,
          minmay_crypt_entry_nasty_monster, vaults_dpeg_hooks,
          vaults_room_semicircle, nicolae_vaults_rhombus_5, serial_shops,
          nicolae_shop_scaring_up_business
Vaults:4: nicolae_vaults_mini_display_case, hangedman_vaults_cutoff,
          vaults_room_ringed_pool, hangedman_vaults_trim, v_misc_18,
          nicolae_vaults_quartermaster, nicolae_vaults_shelves_hall,
          vaults_room_door_ring, nicolae_vaults_rhombus_6, grunt_vaults_focal,
          grunt_vaults_funnel, ontoclasm_vaults_tryst, grunt_vaults_bifocal,
          nicolae_vaults_yaktaur_gun_rack, basic_altar
Abyss:2:  hangedman_relentless_pull
Abyss:3:  evilmike_abyss_exit_glass, minivault_27, evilmike_abyss_exit_15
Lab:      labyrinth_hidden_loot, nicolae_lab_x, labyrinth_fake_exit,
          nicolae_lab_quarters
Volcano:  volcano_lake
WizLab:   wizlab_zonguldrok

Skill      XL: |  1  2  3  4  5  6  7  8  9 10 11 12 13 14 15 16 17 18 19 20 21 22 23 24 25 26 |
---------------+-------------------------------------------------------------------------------+-----
Axes           | 2 3 4 5 7 10 14 16 19 20 22 23 24 | 24.8
Shields        | 3 4 6 8 10 11 13 14 15 | 15.7
Short Blades   | 1 3 5 7 8 |  8.1
Armour         | 8 9 10 12 | 12.2
Fighting       | 2 4 6 7 9 10 | 10.1
Dodging        | 6 10 12 | 12.3
Invocations    | 3 5 6 8 10 11 12 13 14 | 14.9
Hexes          | 3 9 10 | 10.8
Transmutations | 3 8 10 | 10.1
Spellcasting   | 2 7 9 |  9.2
Earth Magic    | 1 3 6 |  6.3
Stealth        | 11 16 | 16.0
Charms         | 1 2 5 |  5.4
Necromancy     | 1 2 5 |  5.2

Action                   |  1- 3 |  4- 6 |  7- 9 | 10-12 | 13-15 | 16-18 | 19-21 | 22-24 | 25-27 || total
-------------------------+-------+-------+-------+-------+-------+-------+-------+-------+-------++-------
Melee: Mace              |    13 |       |       |       |       |       |       |       |       ||    13
       Short sword       |    58 |   161 |   449 |  1368 |  2375 |       |       |       |       ||  4411
       Broad axe         |       |       |       |       |   274 |   579 |       |       |       ||   853
       Battleaxe         |       |       |       |       |       |   893 |   921 |  1358 |   236 ||  3408
Throw: Throwing net      |       |       |       |     2 |       |       |       |       |       ||     2
Invok: Lesser Servant of |       |       |       |     3 |       |     1 |       |       |       ||     4
       Greater Servant o |       |       |       |       |       |     2 |       |     2 |     1 ||     5
       Major Destruction |       |       |       |       |       |     1 |       |       |       ||     1
 Abil: Dig               |     1 |     1 |       |     5 |     9 |     5 |       |     1 |       ||    22
       Shaft Self        |       |       |       |     1 |       |       |     1 |       |       ||     2
Evoke: Wand              |       |       |       |     6 |    18 |       |       |     1 |       ||    25
       Phial of floods   |       |       |       |       |       |     1 |       |       |       ||     1
  Use: Potion            |       |       |     5 |     4 |    16 |     4 |     5 |     1 |     2 ||    37
       Scroll            |       |       |    10 |     3 |    17 |     6 |     8 |    11 |       ||    55
 Stab: Sleeping          |     1 |     3 |       |       |     5 |     2 |     7 |    16 |     1 ||    35
       Held in net/web   |       |       |       |     2 |       |       |       |       |       ||     2
       Confused          |       |       |       |       |     1 |       |       |       |       ||     1
       Distracted        |       |       |       |       |     3 |     2 |     6 |     6 |     4 ||    21
       Invisible         |       |       |       |       |       |       |       |     6 |       ||     6
  Eat: Chunk             |       |     6 |    14 |    15 |    28 |    26 |     9 |    15 |       ||   113
       Royal jelly       |       |       |     1 |     1 |     2 |       |     1 |     1 |       ||     6
       Fruit             |       |       |       |     9 |     9 |     3 |       |     3 |       ||    24
       Meat ration       |       |       |       |     1 |     4 |       |       |       |       ||     5
       Pizza             |       |       |       |     1 |     1 |       |     1 |     1 |       ||     4
       Beef jerky        |       |       |       |     3 |       |     3 |       |     3 |       ||     9
       Bread ration      |       |       |       |     1 |     2 |       |     1 |     3 |       ||     7
Armor: Ring mail         |    41 |    48 |    36 |       |   373 |   185 |    95 |   189 |    73 ||  1040
       Skin              |       |       |     8 |       |     4 |       |       |       |       ||    12
       Chain mail        |       |       |   140 |   363 |    11 |       |       |       |       ||   514
Dodge: Dodged            |    52 |    59 |   126 |   230 |   807 |   512 |   285 |   516 |   167 ||  2754
Block: Shield            |       |    56 |   279 |   698 |  1864 |  1144 |   128 |       |       ||  4169
       Reflection        |       |       |       |       |    10 |    74 |   137 |   265 |       ||   486
       Large shield      |       |       |       |       |       |       |   792 |  1577 |   343 ||  2712
